cohdb
Replays
Latest Replays
All Replays
Popular Replays
Top Player Replays
Match Explorer
How It Works
Community
CoH3 Stats
Reddit
Sign in to upload your games and track your stats! →
Sign in with Steam
Match 28008456
Unlisted
Match 28008456
Overview
Messages
Build Orders
End
Construct Infanterie Kompanie
Pioneer Squad
MG 42 Machine Gun Team
GrW 34 Mortar Team
Grenadier Squad
Grenadier Squad
Construct Panzergrenadier Kompanie
Selects Italian Coastal Battlegroup
Selects Support Bunkers
Selects Rapid Fortifications
Rapid Fortifications
MG 42 Bunker
251 Medium Carrier
Panzergrenadier Squad
Panzergrenadier Squad
Pak 40 Anti-tank Gun Team
Selects Bulwark
Rapid Fortifications
MG 42 Bunker
Pak 40 Anti-tank Gun Team
Construct Panzer Kompanie
Selects Coastal Reserves
Selects Artillery Officer
Artillery Officer
Panzer IV Medium Tank
MG 42 Bunker
Selects Obice da 210/22 Artillery Emplacement
Panzer IV Medium Tank
Panzer IV Medium Tank
Artillery Officer
Sex Captain
pagep
legranduke
Polar
0
0
Comments
sign in to comment!
No comments posted yet!